 Dungeon Crawl Stone Soup version 0.25-a0-474-ga8a2ee3166 (webtiles) character file.

Game seed: 14384604106242426972, levelgen mode: deterministic

0 glosham the Skirmisher (level 1, -1/18 HPs)
             Began as a Merfolk Abyssal Knight on Feb 6, 2020.
             Was a Follower of Lugonu.
             Slain by a sixfirhy (9 damage)
             ... on level 1 of the Abyss.
             The game lasted 00:02:50 (106 turns).

glosham the Skirmisher (Merfolk Abyssal Knight)      Turns: 106, Time: 00:02:50

Health: -1/18      AC:  3    Str: 12    XL:     1   Next: 0%
Magic:  2/2        EV: 12    Int: 11    God:    Lugonu [*.....]
Gold:   18         SH:  0    Dex: 13    Spells: 0/0 levels left

rFire    . . .     SeeInvis .   a - +1 spear
rCold    . . .     Gourm    .   (no shield)
rNeg     . . .     Faith    .   b - +0 leather armour
rPois    .         Spirit   .   (no helmet)
rElec    .         Reflect  .   (no cloak)
rCorr    .         Harm     .   (no gloves)
MR       .....                  (no boots)
Stlth    +.........             (no amulet)
HPRegen  0.00/turn              (no ring)
MPRegen  0.08/turn              (no ring)

@: non-regenerating, diseased
A: change form in water, swift swim, stealthy swim
a: Depart the Abyss, Renounce Religion


You were on level 1 of the Abyss.
You worshipped Lugonu.
Lugonu was aware of your devotion.
You were not hungry.

You visited 0 branches of the dungeon, and saw 0 of its levels.
You visited the Abyss 1 time.

You collected 18 gold pieces.

Inventory:

Hand Weapons
 a - a +1 spear (weapon)
Armour
 b - a +0 leather armour (worn)
Comestibles
 c - a ration


   Skills:
 - Level 3.2 Fighting
 * Level 3.0 Polearms
 - Level 0.6 Armour
 - Level 2.6 Dodging
 - Level 2.0 Invocations


You couldn't memorise any spells.
You didn't know any spells.
Your spell library was empty.

Dungeon Overview and Level Annotations

Branches:
Dungeon (0/15)

Altars:


Message History

Found 18 gold pieces.
Found an ancient bone altar of Kikubaaqudgha.
There is an ancient bone altar of Kikubaaqudgha here.
You see here 18 gold pieces.
You now have 18 gold pieces.
An iron imp comes into view.
The iron imp shouts, "Get thee hence, thou mammering fat-kidneyed reprobate!"
Found a scroll labeled DUTZOP JOPS.
You see here a scroll labeled DUTZOP JOPS.
d - a scroll labeled DUTZOP JOPS A flying skull comes into view.
A large abomination comes into view.
A tentacled starspawn comes into view.
A tentacle flies out from the starspawn's body!
A starspawn tentacle comes into view.
The iron imp misses you.
A hippogriff comes into view.
A starspawn tentacle comes into view.
The hippogriff misses you. The hippogriff completely misses you.
The hippogriff barely misses you.
A glowing orange brain comes into view.
An ancient zyme comes into view.
You feel yourself growing ill in the presence of the ancient zyme.
You feel yourself growing ill in the presence of the ancient zyme.
The hippogriff changes into a polar bear!
Found a robe.
A ynoxinul comes into view.
The ynoxinul bellows!
A sixfirhy comes into view.
The ynoxinul gestures.
The ynoxinul gestures.
The ynoxinul gestures.
You feel ill.
As you read the scroll labeled DUTZOP JOPS, it crumbles to dust.
It is a scroll of identify.
You don't have any unidentified items.
The ynoxinul gestures.
The ufetubus hits you. The ufetubus closely misses you. The sixfirhy hits you!
The sixfirhy shocks you!
Ouch! That really hurt!
You die...

#.##.# .... .....#
#.#.# #. #. ##.#..###
......#. . ..#..##.5.
#.....#. .. #.
....5X5.[# .#. ..
#.#.##..#x#55## ..#.#
.
#..#..###5#.###...##.#
.##..#..#
##.h53#......# ...# .#
..##.#.#@.....# ... ..
#.#..######..#.# ##.
#..... #.# .#
.....#..#... # #
#...##.##.... #.... ..
#.#. .###..... # #.##.
.


You could see a tentacled starspawn, a polar bear shaped shifter, a sixfirhy and
7 ufetubi.

Vanquished Creatures (others)
  4 starspawn tentacles (Abyss:1)
4 creatures vanquished.

Notes
Turn   | Place    | Note
-------+----------+-------------------------------------------
     0 | Abyss:1  | glosham the Merfolk Abyssal Knight began the quest for the
                  | Orb.
     0 | Abyss:1  | Reached XP level 1. HP: 18/18 MP: 2/2
    20 | Abyss:1  | Found an ancient bone altar of Kikubaaqudgha.
    42 | Abyss:1  | Noticed an iron imp
    53 | Abyss:1  | Noticed a flying skull
    58 | Abyss:1  | Noticed a large abomination
    58 | Abyss:1  | Noticed a tentacled starspawn
    69 | Abyss:1  | Noticed a hippogriff
    90 | Abyss:1  | Noticed a glowing orange brain
    91 | Abyss:1  | Noticed an ancient zyme
    95 | Abyss:1  | Noticed a polar bear
    95 | Abyss:1  | a hippogriff changed into a polar bear
    97 | Abyss:1  | Noticed a ynoxinul
   100 | Abyss:1  | Noticed a sixfirhy
   106 | Abyss:1  | Slain by a sixfirhy

Levels and vault maps discovered:
Abyss:1

Action                   || total
-------------------------++-------
  Use: Scroll            ||     1
Dodge: Dodged            ||     5

Table legend:
 A = Non-vault XP
 B = Vault XP
 C = Vault XP percentage of total XP
 D = Non-vault monster count
 E = Vault monster count
 F = Vault count percentage of total count
                 A         B        C        D         E       F
            +---------+---------+-------+---------+---------+-------
      Total |       0 |       0 |   N/A |       0 |       0 |  -nan
            +---------+---------+-------+---------+---------+-------
            +---------+---------+-------+---------+---------+-------

Table legend:
 A = Turns spent in this place as a percentage of turns spent in the entire game.
 B = Non-inter-level travel turns spent in this place as a percentage of non-inter-level travel turns spent in the entire game.
 C = Inter-level travel turns spent in this place as a percentage of turns spent in this place.
 D = Turns resting spent in this place as a percentage of non-inter-level travel turns spent in this place.
 E = Turns spent auto-exploring this place as a percentage of non-inter-level travel turns spent in this place.
 F = Non-inter-level travel turns spent in this place divided by the number of levels of this place that you've seen.
                   A       B       C       D       E      F
               +-------+-------+-------+-------+-------+----------------------
         Total | 100.0 | 100.0 |   0.0 |   0.0 |   0.0 | 106.0
         Abyss | 100.0 | 100.0 |   0.0 |   0.0 |   0.0 | 106.0
               +-------+-------+-------+-------+-------+----------------------

Levels and vault maps discovered:
Abyss:1
